 Dungeon Crawl Stone Soup version 0.31-a0-1204-ge2c1a860ed (webtiles) character file.

Game seed: 8301871105473821897

4423 Fodor the Protected (level 10, -1/88 HPs)
             Began as a Minotaur Fighter on Dec 11, 2023.
             Was an Initiate of Gozag.
             Killed from afar by Erica (6 damage)
             ... with a bolt of poison
             ... on level 9 of the Dungeon on Dec 13, 2023.
             The game lasted 00:51:50 (8722 turns).

Fodor the Protected (Minotaur Fighter)              Turns: 8722, Time: 00:51:53

Health: -1/88      AC: 24    Str: 25    XL:     10   Next: 14%
Magic:  9/9        EV:  8    Int:  5    God:    Gozag
Gold:   1315       SH:  5    Dex: 13    Spells: 9/9 levels left

rFire   . . .        a - +2 war axe (heavy)
rCold   . . .        c - +0 buckler
rNeg    . . .        M - +2 plate armour
rPois   +            (helmet restricted)
rElec   .            G - +2 cloak
rCorr   .            s - +2 pair of gloves {Dex+3}
SInv    .            n - +0 pair of boots
Will    .....        (no amulet) Stlth
                     w - ring of poison resistance
HPRegen 0.34/turn    (no ring)
MPRegen 0.11/turn

%: no passive effects
@: lethally poisoned (-1 -> -17)
A: horns 2, retaliatory headbutt
a: Renounce Religion, Potion Petition, Call Merchant, Bribe Branch


You were on level 9 of the Dungeon.
You worshipped Gozag.
Gozag was most pleased with you.
You visited 1 branch of the dungeon, and saw 9 of its levels.
You also visited: Sewer and Bailey.

You collected 1843 gold pieces.
You spent 500 gold pieces at shops.
You paid 28 gold pieces to Gozag.

Inventory:

Hand Weapons
 a - a +2 heavy war axe (weapon)
 p - a +0 shortbow
Missiles
 m - 6 throwing nets
 y - 3 boomerangs
Armour
 c - a +0 buckler (worn)
 n - a +0 pair of boots (worn)
 s - a +2 pair of gloves of dexterity (worn)
 G - a +2 cloak (worn)
 M - a +2 plate armour (worn)
Jewellery
 w - a ring of poison resistance (left hand)
Wands
 B - a wand of digging (4)
 E - a wand of mindburst (14)
 F - a wand of light (16)
Scrolls
 b - 2 scrolls of fear
 i - 4 scrolls of amnesia
 k - 2 scrolls of revelation
 l - a scroll of brand weapon {unknown}
 u - 3 scrolls of enchant weapon
 v - a scroll of summoning
 x - a scroll of blinking
 D - 5 scrolls of vulnerability
 I - a scroll of teleportation
 J - a scroll of noise
Potions
 d - 4 potions of might
 e - 4 potions of invisibility {unknown}
 g - 4 potions of magic {unknown}
 h - 3 potions of brilliance {unknown}
 j - 5 potions of cancellation {unknown}
 o - 4 potions of resistance {unknown}
 q - 2 potions of haste {unknown}
 r - a potion of ambrosia {unknown}
 t - 5 potions of heal wounds {unknown}
 z - 2 potions of degeneration {unknown}
 C - a potion of berserk rage {unknown}
 H - 2 potions of enlightenment


   Skills:
 + Level 7.9 Fighting
 + Level 8.7(9.9) Axes
 + Level 6.8(8.8) Maces & Flails
 + Level 2.2(5.9) Polearms
 + Level 0.6 Throwing
 + Level 9.9 Armour
 + Level 4.1 Dodging
 + Level 1.5 Stealth
 + Level 6.1 Shields
 + Level 0.1 Evocations


You had 9 spell levels left.
You didn't know any spells.
Your spell library contained the following spells:

 Spells                   Type           Power      Damage    Failure   Level
 Freeze                   Ice            0%         1d3       100%        1
 Shock                    Conj/Air       0%         1d3       100%        1
 Sting                    Tmut/Pois      0%         1d3       100%        1
 Ensorcelled Hibernation  Hex/Ice        0%         N/A       100%        2
 Jinxbite                 Hex            0%         N/A       100%        2
 Poisonous Vapours        Pois/Air       0%         N/A       100%        2
 Sublimation of Blood     Necr           0%         N/A       100%        2
 Wereblood                Tmut           0%         N/A       100%        2
 Dazzling Flash           Conj/Hex       0%         N/A       100%        3
 Frozen Ramparts          Ice            0%         1d1       100%        3
 Hailstorm                Conj/Ice       0%         3d5       100%        3
 Swiftness                Air            0%         N/A       100%        3
 Airstrike                Air            0%         2d(0-16)  100%        4
 Anguish                  Hex/Necr       0%         N/A       100%        4
 Olgreb's Toxic Radiance  Pois           0%         N/A       100%        4
 Vhi's Electric Charge    Tloc/Air       0%         N/A       100%        4
 Agony                    Necr           0%         N/A       100%        5
 Arcjolt                  Conj/Air       0%         1d10      100%        5
 Silence                  Hex/Air        0%         N/A       100%        5
 Plasma Beam              Fire/Air       0%         2x1d10    100%        6
 Summon Hydra             Summ           0%         N/A       100%        7


Dungeon Overview and Level Annotations

Branches:
Dungeon (9/15)             Temple (0/1) D:5           Sewer (visited)
 Bailey (visited)
   Lair: D:8-11         Orc: D:9-12

Altars:
Elyvilon
Gozag
Hepliaklqana
Nemelex Xobeh
Okawaru
Ru
Uskayaw

Shops:
D:4 *   D:7 *

Annotations:
D:9 Erica


Innate Abilities, Weirdness & Mutations

You have a pair of horns on your head.
You reflexively headbutt those who attack you in melee.


Message History

You now have 1315 gold pieces (gained 8).
m - 6 throwing nets (gained 3)
Things that are here:
a +2 battleaxe of distortion; a +0 scale mail
Items here: $ )) [.
Items here: $ ))) [[.
The two-headed ogre is distracted by your dazzling golden aura.
Found 14 gold pieces.
Found a robe.
Found a scroll of revelation.
The two-headed ogre shouts in stereo!
The two-headed ogre attacks as it pursues you!
The two-headed ogre hits you but does no damage. x2
The two-headed ogre barely misses you.
The two-headed ogre hits you with a +0 giant club.
* * * LOW HITPOINT WARNING * * *
The two-headed ogre attacks as it pursues you!
The two-headed ogre hits you with a +0 giant spiked club!
* * * LOW HITPOINT WARNING * * *
The two-headed ogre hits you with a +0 giant club!
* * * LOW HITPOINT WARNING * * *
Unknown command.
Blink to where?
Press: ? - help, Dir - move target
Found 3 scrolls labelled TUAGHO VASHYSS.
As you read the scroll of blinking, it crumbles to dust.
Found 2 boomerangs.
Erica the Fiery-Tempered comes into view.
She is wielding a +0 scimitar of flaming and carrying a wand of roots.
Erica shouts!
Erica mumbles some strange words.
Erica flickers and vanishes!
Deactivating autopickup; reactivate with Ctrl-A.
A two-headed ogre comes into view.
It is wielding a +0 giant club and a +0 giant spiked club.
The two-headed ogre shouts in stereo!
You hear some strange, mumbled words.
A bolt of poison appears from out of thin air!
The bolt of poison hits you.
You are lethally poisoned!
You resist.
You die...
Your body crumbles into a pile of gold.

...#### ##
...#...##.##
O..........##
#..........###
#...{..(.....#
#......#....##
#......#......
#.@...# .##
#.##.....# ..##
.........##...##
.
##....##.#.....#
...#............#
...
#.##.....#...####
...#
#.##..####..##
#....
#............##
...
#.#...........##


You could see a two-headed ogre.

Vanquished Creatures
  A kobold demonologist (D:9)
  The ghost of Anonymone the Stinger, a novice DsVM of Vehumet (D:4)
  Sigmund (D:3)
  3 steam dragons
  A water moccasin (D:8)
  2 orc warriors
  A sky beast (D:7)
  A black bear (D:6)
  A centaur (D:8)
  4 phantoms
  3 kobold brigands
  3 bullfrogs
  A scorpion (D:4)
  8 wights (D:7)
  4 howler monkeys
  3 hounds
  4 orc priests
  2 gnoll boudas (D:7)
  A sleepcap (D:6)
  Natasha (D:2)
  4 iguanas
  5 orc wizards
  11 adders
  19 gnolls
  2 shadow imps (D:6)
  2 ufetubi (D:5)
  6 worms
  6 dart slugs
  40 orcs
  13 endoplasms
  13 giant cockroaches
  11 goblins
  6 hobgoblins
  2 jackals (D:2)
  10 quokkas
  14 ball pythons
  5 bats
  8 frilled lizards
  22 kobolds
  6 rats
251 creatures vanquished.

Vanquished Creatures (others)
  Harold (D:9)
  An orc (D:8)
2 creatures vanquished.

Grand Total: 253 creatures vanquished

Notes
Turn   | Place    | Note
-------+----------+-------------------------------------------
     0 | D:1      | Fodor the Minotaur Fighter began the quest for the Orb.
     0 | D:1      | Reached XP level 1. HP: 19/19 MP: 0/0
    33 | D:1      | Found a faded altar of an unknown god.
    73 | D:1      | Reached skill level 4 in Armour
    76 | D:1      | Reached XP level 2. HP: 17/27 MP: 1/1
   581 | D:1      | Reached XP level 3. HP: 32/33 MP: 2/2
  1149 | D:2      | Upgraded the game from 0.31-a0-1178-gc5c9b8f871 to
                  | 0.31-a0-1204-ge2c1a860ed
  1521 | D:2      | Noticed Natasha
  1529 | D:2      | Killed Natasha
  1530 | D:2      | Reached XP level 4. HP: 19/40 MP: 3/3
  1712 | D:2      | Found an opulent altar of Gozag.
  1720 | D:2      | Became a worshipper of Gozag Ym Sagoz the Greedy
  2109 | D:3      | Found a hide-covered altar of Uskayaw.
  2109 | D:3      | Found an iron altar of Okawaru.
  2117 | D:3      | Found a sparkling altar of Nemelex Xobeh.
  2121 | D:3      | Found a white marble altar of Elyvilon.
  2126 | D:3      | Found a hazy altar of Hepliaklqana.
  2136 | D:3      | Found a sacrificial altar of Ru.
  2226 | D:3      | Noticed Sigmund
  2236 | D:3      | Killed Sigmund
  2237 | D:3      | Reached skill level 5 in Axes
  2237 | D:3      | Reached skill level 5 in Armour
  2237 | D:3      | Reached XP level 5. HP: 46/47 MP: 4/4
  2288 | D:3      | Reached skill level 1 in Dodging
  2342 | D:3      | Reached XP level 6. HP: 51/53 MP: 5/5
  3080 | D:4      | Noticed Anonymone's ghost (novice DsVM)
  3083 | D:4      | Found a runed translucent door.
  3143 | D:4      | Killed Anonymone's ghost
  3144 | D:4      | Reached skill level 5 in Fighting
  3144 | D:4      | Reached skill level 1 in Maces & Flails
  3144 | D:4      | Reached skill level 1 in Polearms
  3144 | D:4      | Reached skill level 6 in Armour
  3144 | D:4      | Reached XP level 7. HP: 15/61 MP: 6/6
  3724 | D:4      | Found Xaiv's Neck Hole.
  3739 | D:4      | Bought a +2 cloak for 198 gold pieces
  3827 | D:5      | Entered Level 5 of the Dungeon
  4007 | D:5      | Found a glowing drain.
  4043 | Sewer    | Entered a sewer
  4512 | Sewer    | Reached skill level 7 in Armour
  4512 | Sewer    | Reached XP level 8. HP: 42/68 MP: 7/7
  4848 | D:5      | Found a staircase to the Ecumenical Temple.
  5221 | D:6      | Identified the +2 dagger "Uboha" {heavy, rPois rF- Will+
                  | Int+3}
  5250 | D:6      | Reached skill level 8 in Armour
  5253 | D:6      | Reached skill level 5 in Shields
  5676 | D:7      | Reached skill level 1 in Stealth
  5718 | D:7      | Reached XP level 9. HP: 56/78 MP: 8/8
  5753 | D:7      | Reached skill level 5 in Maces & Flails
  6119 | D:7      | Found Rextisut's General Store.
  6126 | D:7      | Bought a potion of enlightenment for 65 gold pieces
  6126 | D:7      | Bought a +2 heavy war axe for 237 gold pieces
  6456 | D:7      | Reached skill level 9 in Armour
  7232 | D:8      | Found a flagged portal.
  7240 | Bailey   | Entered a bailey
  8592 | D:9      | Noticed a kobold demonologist
  8602 | D:9      | Noticed a kobold demonologist
  8603 | D:9      | Noticed a kobold demonologist
  8605 | D:9      | Noticed a kobold demonologist
  8606 | D:9      | Noticed a hellwing
  8607 | D:9      | Noticed a rust devil
  8615 | D:9      | Killed a kobold demonologist
  8662 | D:9      | Noticed Harold
  8676 | D:9      | Killed Harold
  8677 | D:9      | Reached XP level 10. HP: 8/88 MP: 9/9
  8679 | D:9      | Noticed a two-headed ogre
  8714 | D:9      | HP: 3/88 [two-headed ogre/+0 giant spiked club (7)]
  8719 | D:9      | Noticed Erica
  8722 | D:9      | Noticed a two-headed ogre
  8722 | D:9      | Killed from afar by Erica

Illustrated notes

Levels and vault maps discovered:
D:1:      dpeg_arrival_shelter, layout_rooms, nicolae_ecumenical_lake_church,
          nicolae_kite_square_tiling_tiny, minmay_misc_feat_tower
D:2:      layout_loops_corners, basic_altar, hex_large, minmay_statues_item,
          minmay_bisected, uniq_natasha
D:3:      layout_basic, nicolae_overflow_hallway_of_the_gods,
          kennysheep_generic_room_5, uniq_sigmund
D:4:      layout_loops_cross, hellmonk_ghost_happy_afterlife,
          nicolae_shop_sticking_my_neck_out
D:5:      layout_loops_cross, minmay_temple_entry_large_hall,
          portal_sewer_entry_b
D:6:      layout_cave_pools
D:7:      layout_basic, serial_shops, nicolae_shop_tiny_real_fake_doors,
          nicolae_zig_zag_zippers
D:8:      layout_loops_ring, enter_bailey_4
D:9:      layout_cave_pools, uniq_harold, uniq_erica, uniq_maurice

Skill      XL: |  1  2  3  4  5  6  7  8  9 |
---------------+----------------------------+-----
Armour         | 4 5 6 7 8 9 |  9.9
Fighting       | 4 5 6 7 |  7.9
Shields        | 4 5 6 |  6.1
Axes           | 3 5 6 8 |  8.7
Dodging        | 1 3 4 |  4.1
Maces & Flails | 1 3 4 6 |  6.8
Polearms       | 1 2 |  2.2
Stealth        | 1 |  1.5
Throwing       | |  0.6
Evocations     | |  0.1

Action                     |  1- 3 |  4- 6 |  7- 9 | 10-12 || total
---------------------------+-------+-------+-------+-------++-------
  Melee: War axe           |    61 |    30 |   121 |     1 ||   213
         Headbutt          |     9 |     9 |    53 |       ||    71
         Halberd           |       |    24 |       |       ||    24
         Mace              |       |    27 |   255 |       ||   282
  Throw: Javelin           |       |       |     6 |       ||     6
  Evoke: Wand              |       |     1 |       |       ||     1
    Use: Potion            |       |       |     4 |       ||     4
         Scroll            |       |       |    16 |     1 ||    17
   Stab: Distracted        |       |     1 |     3 |       ||     4
 Armour: Scale mail        |    31 |       |       |       ||    31
         Chain mail        |    10 |    90 |   292 |       ||   392
         Plate armour      |       |       |   215 |     6 ||   221
  Dodge: Dodged            |    26 |    29 |   219 |     1 ||   275
  Block: Buckler           |    17 |     8 |   120 |       ||   145

Table legend: (Time is in decaauts)
 A = Elapsed time spent in this place.
 B = Non-inter-level travel time spent in this place.
 C = Inter-level travel time spent in this place.
 D = Time resting spent in this place.
 E = Time spent auto-exploring this place.
 F = Levels seen in this place.
 G = Mean time per level.
                   A        B        C        D        E       F      G
               +--------+--------+--------+--------+--------+-----+--------+
         Total |   9179 |   9068 |    111 |   1328 |      0 |  11 |  834.5 |
       Dungeon |   7815 |   7704 |    111 |    936 |      0 |   9 |  868.3 |
         Sewer |    707 |    707 |      0 |    100 |      0 |   1 |  707.0 |
        Bailey |    656 |    656 |      0 |    292 |      0 |   1 |  656.0 |
               +--------+--------+--------+--------+--------+-----+--------+

Top non-repeatable levels by time:
     D:7: 1371 daAuts
     D:2: 1101 daAuts
     D:1: 1030 daAuts
     D:8: 1015 daAuts
     D:3: 917 daAuts
     D:4: 862 daAuts
     D:5: 822 daAuts
   Sewer: 707 daAuts
  Bailey: 656 daAuts
     D:6: 538 daAuts
     D:9: 154 daAuts
